 Dungeon Crawl Stone Soup version 0.28.0 (webtiles) character file.

Game seed: 6040883269464253840

6011 zkyp the Cleaver (level 10, -2/98 HPs)
             Began as a Naga Berserker on Feb 9, 2022.
             Was a Priest of Trog.
             Slain by a boulder beetle (18 damage)
             ... on level 8 of the Dungeon.
             The game lasted 00:11:04 (9616 turns).

zkyp the Cleaver (Naga Berserker)                   Turns: 9616, Time: 00:11:05

Health: -2/98      AC: 20    Str: 23    XL:     10   Next: 86%
Magic:  10/10      EV:  7    Int:  8    God:    Trog [***...]
Gold:   225        SH:  3    Dex: 11    Spells: 9/9 levels left

rFire   . . .      SeeInvis +   a - +2 war axe
rCold   . . .      Faith    .   B - +0 buckler
rNeg    + . .      Spirit   .   H - +3 chain mail {rN+}
rPois   +          Reflect  .   d - +2 helmet
rElec   .          Harm     .   K - +2 cloak {rPois}
rCorr   .          Rampage  .   I - +0 pair of gloves
Will    +++..                   (no barding)
Stlth   ..........              (no amulet)
HPRegen 1.26/turn               (no ring)
MPRegen 0.12/turn               u - ring of flight

@: strong-willed, on berserk cooldown, flying, regenerating, slowed, invisible,
very slow
A: AC +3, large, see invisible, deformed body, poison resistance, slowness 2,
spit poison 1, naga tail 1
a: Spit Poison, Renounce Religion, Berserk, Trog's Hand


You were on level 8 of the Dungeon.
You worshipped Trog.
Trog was most pleased with you.
You visited 2 branches of the dungeon, and saw 9 of its levels.

You collected 346 gold pieces.
You spent 121 gold pieces at shops.

Inventory:

Hand Weapons
 a - a +2 war axe (weapon)
Missiles
 t - 6 poisoned darts
Armour
 d - a +2 helmet (worn)
 B - a +0 buckler (worn)
 H - a +3 chain mail of positive energy (worn)
 I - a +0 pair of gloves (worn)
 K - a +2 cloak of poison resistance (worn)
Jewellery
 u - a ring of flight (right hand)
 E - a ring of positive energy
Wands
 f - a wand of polymorph (7)
 D - a wand of flame (7)
 G - a wand of iceblast (8)
Scrolls
 c - a scroll of enchant weapon {unknown}
 e - 2 scrolls of teleportation
 g - a scroll of holy word {unknown}
 i - a scroll of immolation
 k - a scroll of summoning {unknown}
 l - a scroll of brand weapon {unknown}
 n - 2 scrolls of noise
 v - a scroll of fear {unknown}
 w - a scroll of fog {unknown}
 x - a scroll of vulnerability
 A - a scroll of torment {unknown}
 J - a scroll of enchant armour
Potions
 b - 2 potions of cancellation
 h - a potion of brilliance {unknown}
 j - 2 potions of might
 m - a potion of ambrosia {unknown}
 o - a potion of invisibility
 q - 2 potions of haste
 r - 2 potions of lignification
 s - 3 potions of resistance
 z - a potion of magic {unknown}
 C - a potion of mutation {unknown}
 F - a potion of heal wounds {unknown}


   Skills:
 - Level 8.8 Fighting
 - Level 8.8 Axes
 + Level 7.2 Armour
 - Level 6.2 Dodging


You had 9 spell levels left.
You didn't know any spells.
Your spell library was empty.

Dungeon Overview and Level Annotations

Branches:
Dungeon (8/15)             Temple (1/1) D:7
   Lair: D:8-11

Altars:
Dithmenos
Nemelex Xobeh
Vehumet
Xom
Yredelemnul

Shops:
D:3 =   D:7 *!


Innate Abilities, Weirdness & Mutations

Your serpentine skin is tough. (AC +3)
You have supernaturally acute eyesight. (SInv)
Armour fits poorly on your strangely shaped body.
Your system is resistant to poisons. (rPois)
You cover ground very slowly.
You can spit poison.
You have a snake-like lower body.


Message History

The boulder beetle is severely wounded.
The boulder beetle bites you. The boulder beetle bites you!
You hit the boulder beetle but do no damage.
The boulder beetle is heavily wounded.
The boulder beetle bites you!
Okay, then.
Press: ? - help, v - describe, . - travel
Here: a boulder beetle (heavily wounded)
The floor.
You fade into invisibility!
The boulder beetle bites you but does no damage.
The boulder beetle bites you!!
* * * LOW HITPOINT WARNING * * *
You feel better. The boulder beetle bites you!
* * * LOW HITPOINT WARNING * * *
You feel better. The boulder beetle bites you!
* * * LOW HITPOINT WARNING * * *
The boulder beetle barely misses you.
Okay, then.
Okay, then.
Aiming: Polymorph
Press: ? - help, Shift-Dir - straight line, f - boulder beetle
Aim: a boulder beetle (heavily wounded, will become a quicksilver ooze, a mana viper, or an ice dragon, chance to affect: 31%)
Okay, then.
Unknown command.
You feel better. The boulder beetle bites you!
* * * LOW HITPOINT WARNING * * *
You feel better.
The boulder beetle bites you but does no damage.
The boulder beetle bites you!
* * * LOW HITPOINT WARNING * * *
Okay, then.
Okay, then.
Your skin crawls.
You feel strong-willed.
The boulder beetle bites you but does no damage.
The boulder beetle bites you.
* * * LOW HITPOINT WARNING * * *
The boulder beetle bites you!!
You die...

#+##..... ......#
#. ..†...# #.#
......# .. ......#
#.# ......# ..
......### #.##
........# #..#
........#### #@#
...####....#####B#
...#>.##...##.<#.#
...#...#...#...#.#
#####))#...#..##.#
# #.###.†...###..#
# #...........○..#
#......⌠.......#
#........○....##


You could see a boulder beetle.

Vanquished Creatures
  The ghost of Crownlay the Thrower, a novice TrHu (D:7)
  Pikel (D:7)
  2 centaur zombies (D:6)
  Joseph (D:7)
  Maurice (D:8)
  Prince Ribbit (D:7)
  2 wyverns
  A steam dragon (D:7)
  A water moccasin (D:8)
  3 orc warriors
  2 black bears
  3 ogres
  2 necrophages
  A centaur (D:5)
  2 phantoms
  A kobold brigand (D:4)
  A bullfrog (D:7)
  2 water moccasin zombies
  2 wyvern zombies (D:7)
  4 scorpions
  2 water moccasin skeletons (D:4)
  5 killer bees (D:7)
  8 wights
  A howler monkey (D:5)
  2 hounds (D:4)
  2 jellies
  A gnoll shaman (D:6)
  2 orc priests
  A centaur skeleton (D:7)
  Jessica (D:2)
  Natasha (twice) (D:2)
  4 iguanas
  6 orc wizards
  A hound skeleton (D:4)
  2 howler monkey zombies (D:5)
  16 gnolls
  8 adders
  A howler monkey skeleton (D:6)
  A worm (D:3)
  2 dart slugs
  35 orcs
  2 endoplasms
  A giant cockroach (D:2)
  3 goblins
  7 hobgoblins
  A quokka (D:1)
  8 ball pythons
  3 bats
  3 frilled lizards
  2 kobolds
  A quokka skeleton (D:4)
  6 rats
174 creatures vanquished.

Vanquished Creatures (others)
  11 fungi
  A plant (D:1)
12 creatures vanquished.

Grand Total: 186 creatures vanquished

Notes
Turn   | Place    | Note
-------+----------+-------------------------------------------
     0 | D:1      | zkyp the Naga Berserker began the quest for the Orb.
     0 | D:1      | Reached XP level 1. HP: 21/21 MP: 1/1
   425 | D:1      | Found a faded altar of an unknown god.
   428 | D:1      | Reached XP level 2. HP: 28/28 MP: 2/2
  1133 | D:2      | Noticed Jessica
  1140 | D:2      | Killed Jessica
  1141 | D:2      | Reached XP level 3. HP: 26/36 MP: 3/3
  1321 | D:2      | Noticed Natasha
  1327 | D:2      | Killed Natasha
  1328 | D:2      | Reached XP level 4. HP: 44/44 MP: 4/4
  2066 | D:2      | Noticed Natasha
  2073 | D:2      | Killed Natasha
  2074 | D:2      | Reached XP level 5. HP: 45/51 MP: 5/5
  2317 | D:3      | Reached ** piety under Trog
  2375 | D:3      | Found Porosaj's One-of-a-Kind Rings.
  2426 | D:3      | Reached skill level 5 in Fighting
  2426 | D:3      | Reached skill level 5 in Axes
  2426 | D:3      | Reached XP level 6. HP: 42/61 MP: 6/6
  3289 | D:4      | Noticed a black bear
  3305 | D:4      | Killed a black bear
  3306 | D:4      | Reached XP level 7. HP: 68/68 MP: 7/7
  4350 | D:4      | Reached XP level 8. HP: 67/78 MP: 8/8
  4689 | D:5      | Entered Level 5 of the Dungeon
  4741 | D:5      | Found a sparkling altar of Nemelex Xobeh.
  5111 | D:5      | Found a shadowy altar of Dithmenos.
  6250 | D:6      | Reached XP level 9. HP: 58/90 MP: 9/9
  7343 | D:7      | Found Kutout's Elemental Accessories.
  7361 | D:7      | Noticed Pikel
  7489 | D:7      | Killed Pikel
  7498 | D:7      | Found a staircase to the Ecumenical Temple.
  7505 | Temple   | Entered the Ecumenical Temple
  7823 | D:7      | Reached XP level 10. HP: 92/92 MP: 10/10
  7917 | D:7      | Noticed Prince Ribbit
  7925 | D:7      | Killed Prince Ribbit
  7925 | D:7      | Reached *** piety under Trog
  7926 | D:7      | Reached skill level 5 in Armour
  7926 | D:7      | Reached skill level 5 in Dodging
  8215 | D:7      | Found Veygonku's Distillery.
  8221 | D:7      | Bought a potion of curing for 33 gold pieces
  8221 | D:7      | Bought a potion of invisibility for 88 gold pieces
  8427 | D:7      | Found a radiant altar of Vehumet.
  8429 | D:7      | Noticed Joseph
  8443 | D:7      | Killed Joseph
  8700 | D:7      | Found a shimmering altar of Xom.
  8762 | D:7      | Found a runed translucent gate.
  8762 | D:7      | Found a runed translucent gate.
  8762 | D:7      | Found a runed translucent gate.
  8762 | D:7      | Noticed Crownlay's ghost (novice TrHu)
  8765 | D:7      | Found a basalt altar of Yredelemnul.
  8884 | D:7      | Killed Crownlay's ghost
  9263 | D:8      | Noticed Maurice
  9280 | D:8      | Killed Maurice
  9590 | D:8      | Noticed a boulder beetle
  9616 | D:8      | Slain by a boulder beetle

Illustrated notes

Levels and vault maps discovered:
D:1:      lemuel_arrival_muddy, layout_loops_ring,
          dreamdust_ecumenical_altar_grove
D:2:      layout_loops_corners, roderic_lattice_a, uniq_natasha, uniq_jessica
D:3:      layout_basic, nicolae_shop_unique_rings
D:4:      layout_layer_cave
D:5:      layout_basic, old_standard_altar, mainiacjoe_overflow_boulevard,
          serial_aquarium, aquarium_bridge_straight [aquarium_subvault_bridge,
          aquarium_subvault_wall, aquarium_subvault_bridge,
          aquarium_subvault_wall], aquarium_bridge_square
          [aquarium_subvault_bridge, aquarium_subvault_wall,
          aquarium_subvault_balcony, aquarium_subvault_bridge],
          aquarium_window_corner, aquarium_window_fake, aquarium_view_2g,
          aquarium_view_2d, aquarium_balcony_3b, aquarium_pool_1, chequers_jeans
D:6:      layout_cave_pods
D:7:      layout_cave_pools, mainiacjoe_overflow_chevrons,
          nicolae_yredelemnul_ghost_church, mainiacjoe_overflow_alcove_4,
          minmay_temple_entry_junction, nicolae_ossuary_entry_plus,
          serial_shops, nicolae_shop_waterfront, nicolae_elemental_shop,
          uniq_joseph, uniq_pikel, uniq_prince_ribbit1
D:8:      layout_gridville, makhleb_blood_cavern_becter,
          minmay_misc_feat_nine_boxes, grunt_ministairs_6, hex_large,
          minmay_fractal_squares_diagonal_5, uniq_maurice
Temple:   nicolae_temple_god_jail

Skill      XL: |  1  2  3  4  5  6  7  8  9 10 |
---------------+-------------------------------+-----
Fighting       | 4 5 6 8 |  8.8
Axes           | 4 5 6 8 |  8.8
Armour         | 4 7 |  7.2
Dodging        | 4 6 |  6.2

Action                   |  1- 3 |  4- 6 |  7- 9 | 10-12 || total
-------------------------+-------+-------+-------+-------++-------
Melee: Hand axe          |    46 |     5 |       |       ||    51
       War axe           |       |   116 |   244 |   166 ||   526
       Punch             |       |     1 |     2 |       ||     3
Invok: Berserk           |     2 |     2 |    11 |     6 ||    21
       Trog's Hand       |       |       |       |     1 ||     1
 Abil: Spit Poison       |       |       |     2 |     1 ||     3
Evoke: Wand              |       |       |       |     3 ||     3
  Use: Scroll            |       |       |    10 |     2 ||    12
       Potion            |       |       |     1 |     5 ||     6
Armor: Scale mail        |     8 |    69 |   169 |    64 ||   310
       Chain mail        |       |       |       |    26 ||    26
Dodge: Dodged            |    18 |    63 |   124 |    64 ||   269
Block: Buckler           |       |       |     7 |    17 ||    24
